Map: Sanctuary III LE

Players

Elazer

  • Race: Zerg Zerg
  • League: Master
  • Spawn Location: 1:00

Reynor - Winner!

  • Race: Zerg Zerg
  • League: Master
  • Spawn Location: 7:00

VOD

Have the link to the VOD?

Description

Time

  • Played on: July 5, 2026, 6:51 a.m.
  • Length: 10:38
Show
View Real Time Build Order
Export as new Build Order

Elazer Zerg 

Build Orders: Hatch First 

Get SALT Encoding   

  8  0:00  Drone  
  9  0:10  Drone  
  10  0:16  Drone  
  11  0:27  Overlord  
  11  0:33  Drone  
  12  0:45  Drone x2  
  14  0:50  Drone  
  15  1:11  Hatchery  
  14  1:14  Drone  
  14  1:18  Drone  
  16  1:22  Drone  
  17  1:36  Spawning Pool  
  17  1:39  Drone  
  17  1:42  Drone  
  17  1:46  Extractor  
  17  1:50  Drone  
  19  2:11  Overlord  
  19  2:23  Zergling x6  
  17  2:33  Zergling x2  
  17  2:37  Drone  
  17  2:45  Drone  
  17  2:52  Drone x2  
  17  2:53  Drone  
  18  3:01  Drone  
  18  3:02  Drone  
  20  3:09  Drone  
  21  3:13  Drone  
  22  3:21  Drone  
  22  3:23  Drone  
  22  3:26  Queen  
  26  3:31  Overlord  
  26  3:36  Drone  
  26  3:39  Drone  
  28  3:43  Drone  
  29  3:49  Queen  
  29  3:51  Drone  
  32  3:57  Drone  
  32  4:00  Drone  
  32  4:02  Drone  
  36  4:10  Drone  
  36  4:12  Drone  
  36  4:13  Extractor  
  36  4:19  Overlord  
  36  4:22  Drone  
  37  4:28  Drone  
  38  4:32  Drone  
  38  4:34  Drone  
  40  4:38  Drone x3  
  40  4:41  Extractor  
  40  4:43  Drone  
  43  4:45  Queen  
  43  4:48  Evolution Chamber  
  43  4:52  Overlord  
  44  4:54  Drone  
  44  4:56  Drone x2  
  44  4:58  Extractor  
  44  4:59  Drone  
  47  5:01  Drone  
  48  5:07  Evolution Chamber  
  48  5:08  Drone  
  48  5:14  Roach Warren, Zerg Missile Weapons Level 1  
  48  5:17  Drone x4  
  51  5:21  Overlord  
  51  5:26  Drone  
  48  5:30  Overlord  
  48  5:32  Drone x2  
  48  5:33  Zerg Ground Armor Level 1  
  50  5:36  Extractor  
  50  5:37  Overlord  
  50  5:39  Drone  
  50  5:45  Overlord  
  50  5:47  Lair  
  50  5:59  Roach  
  50  6:00  Roach x4  
  50  6:02  Roach  
  62  6:05  Drone  
  63  6:14  Overlord  
  63  6:17  Roach x3  
  69  6:32  Hatchery, Roach x3  
  74  6:35  Roach  
  74  6:39  Roach  
  78  6:44  Overlord  
  78  6:45  Glial Reconstitution  
  78  6:47  Roach  
  78  6:52  Roach x2  
  84  7:06  Roach x8  
  101  7:10  Zerg Missile Weapons Level 2  
  101  7:14  Ravager  
  96  7:17  Ravager  
  96  7:19  Roach  
  96  7:21  Roach x3  
  94  7:28  Drone  
  91  7:30  Overlord  
  91  7:34  Zerg Ground Armor Level 2  
  91  7:38  Roach  
  93  7:47  Roach x2  
  97  7:52  Roach, Hatchery  
  97  7:53  Roach  
  97  7:57  Overlord  
  100  8:01  Roach  
  100  8:03  Tunneling Claws  
  102  8:11  Roach x4  
  110  8:15  Burrow  
  110  8:22  Roach x3  
  110  8:26  Overseer  
  116  8:33  Roach x2  
  120  8:39  Overlord x3  
  120  8:47  Hatchery  
  120  8:54  Overlord  
  120  8:55  Overlord  
  120  8:58  Roach x4  
  128  9:03  Roach x2  
  128  9:06  Roach  
  134  9:11  Roach x2  
  134  9:16  Roach x2  
  142  9:18  Roach  
  142  9:19  Roach x18  
  142  9:22  Roach  
  146  9:27  Roach  
  148  9:35  Roach x5  
  158  9:40  Roach  
  158  9:43  Overlord  
  160  9:49  Roach x32  
  160  9:58  Roach  
  160  9:59  Roach x3  
  146  10:10  Roach x6  
  132  10:18  Roach x2  
Show
View Real Time Build Order
Export as new Build Order

Reynor Zerg - Winner!

Build Orders: Pool First 

Get SALT Encoding   

  8  0:00  Drone  
  9  0:10  Drone  
  10  0:32  Spawning Pool  
  9  0:38  Drone  
  10  0:44  Drone  
  10  0:49  Drone  
  12  1:00  Overlord  
  12  1:19  Zergling x2  
  12  1:20  Zergling x4  
  15  1:30  Zergling x2  
  16  1:40  Zergling x2  
  17  1:48  Hatchery  
  17  1:53  Zergling x2  
  17  2:08  Queen  
  19  2:13  Drone  
  20  2:23  Overlord  
  18  2:31  Drone  
  19  2:41  Drone x2  
  21  2:50  Queen  
  21  2:55  Drone  
  22  2:59  Drone  
  22  3:04  Drone, Extractor  
  23  3:09  Drone  
  23  3:11  Zergling x2  
  25  3:18  Drone x2  
  27  3:25  Drone x2  
  30  3:30  Drone x2  
  32  3:44  Overlord, Extractor  
  32  3:46  Drone  
  32  4:02  Hatchery, Drone x3  
  34  4:05  Zergling x2  
  34  4:08  Zergling x2  
  37  4:10  Drone  
  37  4:12  Drone  
  38  4:18  Overlord  
  38  4:23  Drone x2  
  40  4:31  Evolution Chamber, Drone  
  39  4:37  Overlord  
  39  4:38  Drone x3  
  43  4:41  Zergling x2  
  43  4:42  Zergling x2  
  43  4:45  Drone  
  46  4:49  Drone  
  47  4:54  Queen  
  47  4:58  Drone  
  50  5:00  Overlord  
  50  5:02  Zerg Ground Armor Level 1  
  50  5:09  Drone x4  
  50  5:11  Zergling x2  
  55  5:15  Drone x2  
  55  5:18  Overlord  
  57  5:22  Metabolic Boost  
  57  5:23  Drone  
  57  5:24  Drone  
  57  5:25  Drone  
  58  5:29  Drone x2  
  58  5:31  Drone  
  61  5:36  Extractor, Zergling x4  
  61  5:37  Zergling x4  
  61  5:38  Zergling x2  
  65  5:43  Overlord  
  65  5:46  Drone x2  
  67  5:50  Queen, Evolution Chamber  
  67  5:52  Zergling x2  
  69  5:57  Zergling x2  
  69  5:58  Zergling x8  
  74  6:04  Overlord  
  74  6:05  Zergling x2  
  74  6:06  Zergling x4  
  74  6:08  Drone  
  74  6:09  Drone  
  79  6:15  Zergling x4  
  79  6:16  Zergling x2  
  79  6:17  Zerg Melee Weapons Level 1  
  82  6:18  Lair  
  82  6:23  Zergling x6  
  85  6:26  Overlord  
  85  6:27  Zergling x2  
  85  6:29  Zergling x2  
  85  6:32  Zergling x6  
  90  6:33  Queen  
  90  6:38  Overlord  
  92  6:40  Overlord  
  92  6:44  Zergling x2  
  92  6:45  Overlord  
  92  6:47  Zergling x2  
  94  6:48  Zergling x8  
  94  6:49  Zergling x2  
  94  6:52  Overlord  
  99  7:00  Zergling x6  
  102  7:02  Zergling x6  
  102  7:08  Zergling x2  
  102  7:11  Zergling x4  
  102  7:13  Roach Warren  
  93  7:19  Zergling x4  
  93  7:21  Zergling x2  
  89  7:26  Spine Crawler  
  89  7:28  Zergling x12  
  92  7:32  Overlord  
  92  7:34  Drone  
  91  7:40  Overseer  
  91  7:42  Overlord  
  89  7:52  Zerg Missile Weapons Level 1, Glial Reconstitution  
  89  7:53  Roach x8  
  89  7:55  Extractor, Drone x4  
  108  8:00  Roach x3  
  108  8:02  Overlord  
  114  8:07  Roach x2  
  114  8:11  Drone  
  118  8:14  Extractor, Overlord  
  118  8:17  Roach  
  119  8:23  Roach x3, Zergling x2  
  119  8:26  Roach, Zergling x6  
  131  8:28  Overlord x2  
  131  8:29  Zergling x2  
  132  8:34  Roach  
  132  8:38  Roach x2  
  137  8:45  Roach  
  138  8:48  Roach x2  
  138  8:52  Roach x4  
  138  8:53  Zergling x4  
  150  8:57  Roach x2  
  150  9:01  Roach, Zergling x6  
  159  9:07  Roach  
  159  9:08  Roach  
  163  9:11  Roach  
  163  9:16  Overlord  
  164  9:22  Roach x3, Zergling x2  
  171  9:25  Overlord  
  171  9:28  Overseer x2  
  171  9:40  Roach x4  
  179  9:47  Roach x4  
  187  9:55  Overlord  
  187  9:59  Roach x6  
  187  10:03  Roach x3, Zergling x2  
  187  10:05  Roach  
  169  10:10  Roach x2  
  155  10:14  Roach x2  
  155  10:16  Zergling x2  
  155  10:17  Zergling x4  
Tags
 
Matchup
ZvZ
Race
Zerg
Replay Pack
hsc29
Spawn Locations
Cross Positions
Add a new tag
Caveats
  • Supply blocks, unpowered buildings, or Contaminate may cause inaccurate times.
  • Supply counts are checked every 10 seconds.